 Dungeon Crawl Stone Soup version 0.31-a0-321-g19405a7a6a (webtiles) character file.

Game seed: 13993935037618363260

79 LeprechaunX the Changeling (level 4, 0/30 HPs)
             Began as an Octopode Shapeshifter on July 17, 2023.
             Slain by a centaur (2 damage)
             ... on level 3 of the Dungeon.
             The game lasted 00:02:54 (1936 turns).

LeprechaunX the Changeling (Octopode Shapeshifter)  Turns: 1936, Time: 00:02:54

Health: 0/30       AC:  1    Str: 16    XL:     4   Next: 37%
Magic:  4/4        EV: 13    Int: 10    God:
Gold:   94         SH:  0    Dex: 12    Spells: 3/3 levels left

rFire   . .          .
                       - Unarmed
rCold   + . .        (no shield)
rNeg    . . .        (helmet currently unavailable)
rPois   .            (no amulet)
rElec   .            d - ring of protection from cold
rCorr   .            (no ring)
SInv    .            (no ring)
Will    .....        (no ring)
Stlth   ++           (no ring)
HPRegen 0.25/turn    (no ring)
MPRegen 0.09/turn    (no ring)
                     (no ring)

%: no passive effects
@: beast-form
A: beast (slay +2), almost no armour, amphibious, 8 rings, camouflage 1,
gelatinous body 1, (nimble swimmer 1), tentacles
a: Begin Untransformation


You were on level 3 of the Dungeon.
You were a hulking beast.
You visited 1 branch of the dungeon, and saw 3 of its levels.

You collected 94 gold pieces.

Inventory:

Missiles
 c - a poisoned dart (quivered)
 o - 2 javelins
Jewellery
 d - a ring of protection from cold (left tentacle)
Talismans
 b - a beast talisman
Wands
 j - a wand of roots (6)
Scrolls
 e - a scroll of torment {unknown}
 h - a scroll of amnesia {unknown}
 l - a scroll of blinking {unknown}
 m - a scroll of teleportation {unknown}
 n - a scroll of silence {unknown}
Potions
 a - 2 potions of lignification
 f - a potion of curing {unknown}
 g - a potion of berserk rage {unknown}
 i - a potion of might {unknown}
 k - 2 potions of ambrosia {unknown}
 p - 2 potions of enlightenment {unknown}


   Skills:
 + Level 2.5 Fighting
 + Level 2.4 Dodging
 * Level 3.1 Unarmed Combat
 * Level 3.5 Shapeshifting


You had 3 spell levels left.
You didn't know any spells.
Your spell library contained the following spells:

 Spells                   Type           Power      Damage    Failure   Level
 Shock                    Conj/Air       0%         1d3       36%         1
 Swiftness                Air            0%         N/A       75%         3
 Airstrike                Air            0%         2d(0-16)  98%         4
 Leda's Liquefaction      Hex/Erth       0%         N/A       98%         4
 Lee's Rapid Deconstruct  Erth           0%         3d4*      100%        5
 Leda's Unmaking          Conj/Erth      0%         9d1       100%        6


Dungeon Overview and Level Annotations

Branches:
Dungeon (3/15)

Altars:

Shops:
D:1 !

Annotations:
D:3 Jessica


Innate Abilities, Weirdness & Mutations

You are a hulking beast.
Your limbs bulge with bestial killing power. (Slay +2)
You cannot wear most types of armour.
You are amphibious.
You can wear up to eight rings at the same time.
Your skin changes colour to match your surroundings (Stealth+).
Your rubbery body absorbs attacks. (AC +1, EV +1)
((You are camouflaged when in or above water. (Stealth+)))
You have tentacles for arms and can constrict up to eight enemies at once.


Message History

Jessica points at you and mumbles some strange words.
You resist with some effort.
The orc shouts!
You climb upwards.
There is a stone staircase leading down here.
You bludgeon the endoplasm!
You kill the endoplasm!
HP restored.
There is an open door here.
There is a stone staircase leading down here.
You climb downwards.
Level annotation: Jessica
Found 2 blue potions, 18 gold pieces and a dark potion.
There is a stone staircase leading up here.
You now have 94 gold pieces (gained 18).
p - 2 blue potions A dart slug comes into view.
The dart slug launches a dart at you. The slug dart misses you.
The dart slug launches a dart at you. The slug dart hits you.
You tentacle-slap the dart slug. You grab the dart slug.
You squeeze the dart slug, but do no damage.
The dart slug is heavily wounded.
You constrict the dart slug.
The dart slug bites you but does no damage.
You bludgeon the dart slug!
You kill the dart slug!
No target in view!
k - 2 dark potions (gained 1)
A centaur comes into view.
The centaur shouts!
The centaur wields a +0 shortbow.
The centaur shoots an arrow.
The arrow hits you.
The centaur shoots an arrow.
The arrow hits you!
The centaur shoots an arrow.
The arrow hits you!
* * * LOW HITPOINT WARNING * * *
The centaur unwields a +0 shortbow.
The centaur barely misses you. The centaur kicks you.
You die...

...................#
####..############.#
#.## #.# #†# #.# #.#
###.# ..# #...# ...
#.### #... #.# #...
#h# ..... #.c# #..##
#.# #. $ .. ##


You could see a centaur.

Vanquished Creatures
  Ijyb (D:3)
  A worm (D:2)
  2 dart slugs
  An orc (D:2)
  5 bats
  4 endoplasms
  3 giant cockroaches
  3 goblins (D:1)
  2 hobgoblins (D:2)
  3 jackals (D:2)
  7 kobolds
  3 quokkas
  3 frilled lizards
  5 rats
43 creatures vanquished.

Notes
Turn   | Place    | Note
-------+----------+-------------------------------------------
     0 | D:1      | LeprechaunX the Octopode Shapeshifter began the quest for
                  | the Orb.
     0 | D:1      | Reached XP level 1. HP: 14/14 MP: 1/1
   199 | D:1      | Found Noshae Geff's Distillery.
   234 | D:1      | Reached XP level 2. HP: 19/19 MP: 2/2
   916 | D:2      | Reached XP level 3. HP: 24/24 MP: 3/3
  1595 | D:3      | Noticed Ijyb
  1598 | D:3      | Noticed Jessica
  1613 | D:3      | Killed Ijyb
  1614 | D:3      | Reached XP level 4. HP: 8/30 MP: 4/4
  1933 | D:3      | Noticed a centaur
  1936 | D:3      | Slain by a centaur

Illustrated notes

Levels and vault maps discovered:
D:1:      lightli_arrival_statue_moat, layout_loops_ring, serial_shops,
          nicolae_shop_industrial_runoff, dk_noncrumbling_2
D:2:      layout_basic, kennysheep_generic_room_2
D:3:      layout_rooms, old_standard_altar, general_overflow_altar, uniq_ijyb,
          uniq_jessica

Skill      XL: |  1  2  3 |
---------------+----------+-----
Unarmed Combat | 3 |  3.1
Fighting       | |  2.5
Dodging        | |  2.4
Shapeshifting  | |  3.5

Action                     |  1- 3 |  4- 6 || total
---------------------------+-------+-------++-------
  Melee: Unarmed           |    81 |     6 ||    87
         Constrict         |    19 |     3 ||    22
         Tentacles         |     8 |     2 ||    10
         Punch             |     4 |       ||     4
  Throw: Dart              |     6 |       ||     6
   Stab: Sleeping          |     7 |       ||     7
 Armour: Skin              |     7 |     1 ||     8
  Dodge: Dodged            |    35 |     4 ||    39

Table legend: (Time is in decaauts)
 A = Elapsed time spent in this place.
 B = Non-inter-level travel time spent in this place.
 C = Inter-level travel time spent in this place.
 D = Time resting spent in this place.
 E = Time spent auto-exploring this place.
 F = Levels seen in this place.
 G = Mean time per level.
                   A        B        C        D        E       F      G
               +--------+--------+--------+--------+--------+-----+--------+
         Total |   1931 |   1674 |    257 |    135 |   1258 |   3 |  643.7 |
       Dungeon |   1931 |   1674 |    257 |    135 |   1258 |   3 |  643.7 |
               +--------+--------+--------+--------+--------+-----+--------+

Top non-repeatable levels by time:
     D:2: 908 daAuts
     D:1: 905 daAuts
     D:3: 117 daAuts
